 Dungeon Crawl Stone Soup version 0.21.1-1-g345015f (webtiles) character file.

6292 Monsterracer the Destroyer (level 10, -4/85 HPs)
             Began as a Naga Wizard on June 1, 2018.
             Was a Priest of Sif Muna.
             Slain by a gargoyle
             ... wielding a +0 flail
              (14 damage)
             ... on level 9 of the Dungeon.
             The game lasted 00:21:42 (12258 turns).

Monsterracer the Destroyer (Naga Wizard)           Turns: 12258, Time: 00:21:43

Health: -4/85      AC: 19    Str: 10    XL:     10   Next: 94%
Magic:  20/20      EV:  8    Int: 22    God:    Sif Muna [***...]
Gold:   273        SH:  4    Dex:  9    Spells: 14/23 levels left

rFire    + . .     SeeInvis +   a - +3 flail (protect)
rCold    . . .     Gourm    .   s - +0 buckler
rNeg     . . .     Faith    .   i - +1 ring mail {MR+}
rPois    +         Spirit   .   K - +1 helmet
rElec    .         Reflect  .   u - +2 cloak
rCorr    .         Harm     .   p - +0 pair of gloves
MR       ++...                  (no barding)
Stlth    +++.......             (no amulet)
HPRegen  0.24/turn              f - ring of protection from fire {!d}
MPRegen  0.17/turn              z - ring of wizardry

@: about to teleport, protection aura, divine energy, very slow
A: large, see invisible, deformed body, poison resistance, slowness 2, slow
metabolism 1, spit poison 1, AC +3
a: Spit Poison, Stop Divine Energy, Channel Magic, Renounce Religion


You were on level 9 of the Dungeon.
You worshipped Sif Muna.
Sif Muna was most pleased with you.
You were not hungry.

You visited 1 branch of the dungeon, and saw 9 of its levels.

You collected 427 gold pieces.
You spent 154 gold pieces at shops.

Inventory:

Hand Weapons
 a - a +3 flail of protection (weapon)
Armour
 i - a +1 ring mail of magic resistance (worn)
 p - a +0 pair of gloves (worn)
 s - a +0 buckler (worn)
 u - a +2 cloak (worn)
 C - the +1 leather armour of the Ant {rC+ Dex+3}
   (You bought it in a shop on level 6 of the Dungeon)

   It affects your dexterity (+3).
   It protects you from cold.
 K - a +1 helmet (worn)
Magical Staves
 b - an uncursed staff of wizardry {!a}
Jewellery
 f - a ring of protection from fire (left hand) {!d}
 t - an uncursed ring of protection from cold {!d}
 z - a ring of wizardry (right hand)
 H - an uncursed ring of flight
 J - an uncursed ring of fire
Wands
 k - a wand of digging (27)
 A - a wand of polymorph (13)
Scrolls
 g - 4 scrolls of teleportation
 v - 3 scrolls of remove curse
 y - a scroll of fear {!r}
 B - 2 scrolls of magic mapping {!r}
 F - 2 scrolls of amnesia
 I - 2 scrolls of identify
Potions
 d - a potion of haste
 e - a potion of magic
 h - 3 potions of might
 j - 3 potions of curing
 l - 3 potions of mutation {!q}
 m - a potion of resistance
 n - 3 potions of lignification
 q - a potion of brilliance
 r - 3 potions of agility
 D - 2 potions of heal wounds
 E - a potion of ambrosia {!q}
 G - a potion of invisibility
Books
 w - the Collected Works on Sinister Contamination
   (You found it on level 7 of the Dungeon)

   Spells                             Type                      Level
   a - Corpse Rot                     Necromancy                   2
   b - Ignite Poison                  Fire/Transmutation/Poison    3
   c - Animate Dead                   Necromancy                   4
   d - Excruciating Wounds            Charms/Necromancy            5
   e - Venom Bolt                     Conjuration/Poison           5
Comestibles
 c - 12 rations


   Skills:
 + Level 4.0 Fighting
 * Level 6.8 Maces & Flails
 - Level 1.5 Dodging
 + Level 7.7 Stealth
 - Level 2.6 Shields
 + Level 7.1 Spellcasting
 - Level 10.0 Conjurations
   Level 1.0 Summonings
 - Level 1.0 Translocations
 - Level 4.0 Invocations


You had 14 spell levels left.
You knew the following spells:

 Your Spells              Type           Power        Failure   Level  Hunger
a - Magic Dart            Conj           ####         1%          1    None
b - Conjure Flame         Conj/Fire      ####....     3%          3    None
c - Mephitic Cloud        Conj/Pois/Air  ###.....     6%          3    None
e - Blink                 Tloc           N/A          9%          2    None


Dungeon Overview and Level Annotations

Branches:
Dungeon (9/15)             Temple (0/1) D:7
   Lair: D:8-11         Orc: D:9-12

Altars:
Ashenzari
Dithmenos
Gozag
Kikubaaqudgha
Okawaru
Sif Muna
Xom

Shops:
D:6 [


Innate Abilities, Weirdness & Mutations

You cannot wear boots.
Your serpentine skin is tough. (AC +3)
You have supernaturally acute eyesight. (SInv)
Armour fits poorly on your strangely shaped body.
Your system is resistant to poisons. (rPois)
You cover ground very slowly.
You have a slow metabolism.
You can spit poison.


Message History

You barely miss the centaur.
The centaur is lightly wounded.
The centaur hits you.
You take 2 damage, and have 72/85 hp.
Press: ? - help, Shift-Dir - straight line, f - centaur
Aim: a centaur (lightly wounded)
The splash of poison hits the centaur.
The centaur is heavily wounded.
You feel slightly more hungry.
The centaur hits you but does no damage.
The centaur closely misses you.
You sock the centaur!
Your weapon exudes an aura of protection.
The centaur is almost dead.
The centaur hits you but does no damage.
You hit the centaur but do no damage.
The centaur is almost dead.
You block the centaur's attack. The centaur completely misses you.
You sock the centaur!
You kill the centaur!
Sif Muna accepts your kill.
You can now call upon Sif Muna for magical energy.
You closely miss the gnoll. The gnoll hits you but does no damage.
You barely miss the gnoll.
You have got your breath back.
The gnoll hits you but does no damage.
Okay, then.
You sock the gnoll!
The gnoll is almost dead.
You block the gnoll's attack.
Your ring mail prevents you from hitting the gnoll.
The gnoll is almost dead.
The gnoll closely misses you.
You closely miss the gnoll.
The gnoll is almost dead.
The gnoll hits you with a whip!
You take 6 damage, and have 68/85 hp.
You thump the gnoll!
You kill the gnoll!
Sif Muna accepts your kill.
A gnoll comes into view. It is wielding a flail.
Items here: ((( ))))))) †††† You butcher the centaur corpse.
The gnoll shouts!
Items here: % ((( ))))))) ††† Eat one of 4 chunks of flesh? (ye/n/q)
You eat one of the 4 chunks of flesh.
This raw flesh tastes terrible.
You are feeling hungry.
Eat one of 3 chunks of flesh? (ye/n/q)
You eat one of the 3 chunks of flesh.
This raw flesh tastes terrible.
A gnoll comes into view.
It is wielding a scorched spear {freeze}.
You start resting.
You sock the gnoll!
Your weapon exudes an aura of protection.
The gnoll is severely wounded.
You block the gnoll's attack.
You thump the gnoll!
You kill the gnoll!
Sif Muna accepts your kill.
You start resting.
Casting: Magic Dart
Confirm with . or Enter, or press ? or * to list all spells.
Okay, then.
You hit the gargoyle but do no damage.
The gargoyle hurls a stone arrow at you.
The stone arrow misses you.
You hit the gargoyle but do no damage. The gargoyle hits you with a flail!
You take 16 damage, and have 55/85 hp.
You barely miss the gargoyle. The gargoyle barely misses you.
You hit the gargoyle but do no damage. The gargoyle completely misses you.
You hit the gargoyle but do no damage.
The gargoyle hits you but does no damage.
You hit the gargoyle but do no damage. You hit the gargoyle but do no damage.
The gargoyle hurls a stone arrow at you.
You block the stone arrow.
You hit the gargoyle but do no damage.
The gargoyle hurls a stone arrow at you.
The stone arrow hits you!
You take 12 damage, and have 45/85 hp.
You hit the gargoyle but do no damage. The gargoyle hits you with a flail!
* * * LOW HITPOINT WARNING * * *
You take 15 damage, and have 30/85 hp.
You closely miss the gargoyle.
The gargoyle hurls a stone arrow at you.
The stone arrow hits you!
* * * LOW HITPOINT WARNING * * *
You take 14 damage, and have 16/85 hp.
As you read the scroll of teleportation, it crumbles to dust.
You feel strangely unstable.
The gargoyle hurls a stone arrow at you.
The stone arrow hits you!
* * * LOW HITPOINT WARNING * * *
You take 6 damage, and have 10/85 hp.
You hit the gargoyle but do no damage.
The gargoyle hits you but does no damage.
You hit the gargoyle.
The gargoyle is lightly damaged.
The gargoyle hits you with a flail!
You die...

.....g....
......9...
##......... ##
..<.g......# #..
..........# ... #
#.........#
..##.##.#.......#
#.#.#9##......O#
##.#.#@##......#
##.#.#.#.#......#
#.#.#.#.#.......# #
#.#.#.###......# #.
##.#.#.#.......#
#..#.#.####.......#
#....####.........#
#......(..........#
########..........#


You could see a gargoyle.

Vanquished Creatures
  The ghost of empire the Carver, a novice MiFi of Cheibriados (D:7)
  Pikel (D:7)
  Joseph (D:7)
  A queen bee (D:9)
  A troll (D:8)
  A hippogriff (D:8)
  2 humans (D:8)
  6 yaks (D:6)
  A hungry ghost (D:7)
  Edmund (D:4)
  The ghost of Jaiteiro the Firebug, an amateur OpFE (D:3)
  An orc warrior (D:8)
  A phantom (D:5)
  2 slaves (D:7)
  4 ice beasts
  2 sky beasts
  A black bear (D:6)
  An ogre (D:6)
  4 centaurs
  A bullfrog (D:8)
  11 killer bees (D:9)
  3 scorpions
  A howler monkey (D:4)
  A hound (D:6)
  Crazy Yiuf (D:7)
  3 jellies
  2 bullfrog skeletons
  3 orc priests
  3 orc wizards
  A centaur skeleton (D:7)
  Jessica (D:2)
  5 iguanas
  2 worker ants
  Natasha (thrice) (D:2)
  A worker ant zombie (D:6)
  Robin (D:3)
  6 gnolls
  3 howler monkey skeletons
  11 adders
  6 river rats (D:6)
  A shadow imp (D:6)
  An ooze (D:1)
  An adder skeleton (D:7)
  2 worms (D:2)
  3 dart slugs
  6 leopard geckos
  15 orcs
  A giant cockroach (D:2)
  6 goblins
  6 hobgoblins
  5 jackals
  7 quokkas
  4 ball pythons
  4 bats
  A frilled lizard (D:1)
  A jackal zombie (D:6)
  14 kobolds
  2 leopard gecko zombies
  2 quokka zombies (D:5)
  20 rats
  A fungus (D:7)
205 creatures vanquished.

Vanquished Creatures (collateral kills)
  2 killer bees (D:9)
2 creatures vanquished.

Vanquished Creatures (others)
  A slave (D:7)
  A butterfly (D:7)
2 creatures vanquished.

Grand Total: 209 creatures vanquished

Notes
Turn   | Place    | Note
-------+----------+-------------------------------------------
     0 | D:1      | Monsterracer the Naga Wizard began the quest for the Orb.
     0 | D:1      | Reached XP level 1. HP: 15/15 MP: 4/4
    20 | D:1      | HP: 5/15 [ooze (3)]
   261 | D:1      | Reached skill level 2 in Conjurations
   261 | D:1      | Reached XP level 2. HP: 18/22 MP: 1/6
  1212 | D:2      | Reached skill level 3 in Conjurations
  1212 | D:2      | Reached XP level 3. HP: 19/28 MP: 3/7
  1350 | D:2      | Noticed Jessica
  1413 | D:2      | HP: 14/28 [gnoll/flail (7)]
  1420 | D:2      | HP: 13/28 [gnoll/spear (2)]
  1426 | D:2      | Reached XP level 4. HP: 16/36 MP: 0/8
  1428 | D:2      | HP: 14/36 [Jessica/dagger of speed (3)]
  1446 | D:2      | Killed Jessica
  1446 | D:2      | Reached skill level 4 in Conjurations
  1859 | D:2      | HP: 16/36 [worker ant (5)]
  1860 | D:2      | Reached XP level 5. HP: 18/42 MP: 1/9
  2272 | D:2      | Noticed Natasha
  2279 | D:2      | Killed Natasha
  2279 | D:2      | Reached skill level 5 in Conjurations
  2293 | D:2      | Noticed Natasha
  2296 | D:2      | Killed Natasha
  2300 | D:2      | Learned a level 2 spell: Blink
  2304 | D:2      | Learned a level 3 spell: Conjure Flame
  2308 | D:2      | Learned a level 3 spell: Mephitic Cloud
  2438 | D:2      | Noticed Natasha
  2444 | D:2      | Killed Natasha
  2968 | D:3      | Reached XP level 6. HP: 49/49 MP: 7/10
  3648 | D:3      | Noticed Jaiteiro's ghost (amateur OpFE)
  3665 | D:3      | Killed Jaiteiro's ghost
  3665 | D:3      | Reached skill level 6 in Conjurations
  3783 | D:3      | Reached XP level 7. HP: 55/55 MP: 10/12
  3945 | D:3      | Noticed Robin
  3951 | D:3      | Killed Robin
  4261 | D:3      | Found a shadowy altar of Dithmenos.
  4491 | D:4      | Reached skill level 5 in Stealth
  4854 | D:4      | Found a deep blue altar of Sif Muna.
  4858 | D:4      | Became a worshipper of Sif Muna the Loreminder
  5074 | D:4      | Reached skill level 1 in Shields
  5249 | D:4      | Found an opulent altar of Gozag.
  5460 | D:5      | Entered Level 5 of the Dungeon
  5699 | D:5      | Noticed Edmund
  5845 | D:5      | HP: 19/55 [Edmund/flail of protection (10)]
  5850 | D:5      | HP: 13/55 [bullfrog skeleton (1)]
  5866 | D:5      | HP: 9/55 [bullfrog skeleton (3)]
  5874 | D:5      | HP: 8/55 [bullfrog skeleton (3)]
  6177 | D:4      | Killed Edmund
  6177 | D:4      | Reached skill level 7 in Conjurations
  6177 | D:4      | Reached XP level 8. HP: 37/62 MP: 0/14
  6552 | D:5      | Found a shattered altar of Ashenzari.
  6561 | D:5      | Reached * piety under Sif Muna
  7095 | D:5      | Found a shimmering altar of Xom.
  7095 | D:5      | Found an ancient bone altar of Kikubaaqudgha.
  7249 | D:6      | Noticed a yak
  7249 | D:6      | Noticed a yak
  7249 | D:6      | Noticed a yak
  7249 | D:6      | Noticed a yak
  7249 | D:6      | Noticed a yak
  7255 | D:6      | Killed a yak
  7259 | D:6      | Killed a yak
  7259 | D:6      | Reached skill level 5 in Spellcasting
  7259 | D:6      | Reached skill level 8 in Conjurations
  7268 | D:6      | Killed a yak
  7268 | D:6      | Reached skill level 1 in Maces & Flails
  7271 | D:6      | Noticed a yak
  7271 | D:6      | Killed a yak
  7277 | D:6      | Killed a yak
  7277 | D:6      | Reached XP level 9. HP: 63/68 MP: 9/17
  7285 | D:6      | Reached skill level 9 in Conjurations
  7433 | D:6      | Reached ** piety under Sif Muna
  8086 | D:6      | Found Daghuol's Antique Armour Shop.
  8091 | D:6      | Bought a scorched leather armour for 154 gold pieces
  8101 | D:6      | Identified the cursed +1 leather armour of the Ant {rC+ Dex+3} (You bought it in a shop on level 6 of the Dungeon)
  8788 | D:7      | Noticed empire's ghost (novice MiFi)
  8794 | D:7      | Reached skill level 1 in Fighting
  8805 | D:7      | HP: 34/70 [empire's ghost (12)]
  9114 | D:7      | Identified the Collected Works on Sinister Contamination
  9200 | D:7      | Killed empire's ghost
  9219 | D:7      | Reached XP level 10. HP: 58/80 MP: 6/19
  9343 | D:7      | Found a staircase to the Ecumenical Temple.
  9515 | D:7      | Reached skill level 10 in Conjurations
  9552 | D:7      | Noticed Pikel
  9570 | D:7      | HP: 34/80 [Pikel/whip of flaming (11)]
  9573 | D:7      | Killed Pikel
  9573 | D:7      | Reached skill level 5 in Maces & Flails
  9980 | D:7      | Noticed Joseph
 10002 | D:7      | Killed Joseph
 10440 | D:7      | Found a runed door.
 10444 | D:7      | Noticed Crazy Yiuf
 10462 | D:7      | Killed Crazy Yiuf
 11222 | D:8      | Found an iron altar of Okawaru.
 11684 | D:9      | HP: 42/85 [killer bee (6)]
 11689 | D:9      | HP: 32/85 [killer bee (2)]
 11945 | D:9      | HP: 39/85 [killer bee (8)]
 11951 | D:9      | HP: 36/85 [poisoned by a killer bee]
 11958 | D:9      | HP: 36/85 [poisoned by a killer bee]
 12011 | D:9      | Noticed a two-headed ogre
 12218 | D:9      | Noticed a gargoyle
 12227 | D:9      | Reached *** piety under Sif Muna
 12254 | D:9      | HP: 30/85 [gargoyle/flail (15)]
 12256 | D:9      | HP: 10/85 [gargoyle/stone arrow (6)]
 12258 | D:9      | Slain by a gargoyle

Skill      XL: |  1  2  3  4  5  6  7  8  9 10 |
---------------+-------------------------------+-----
Conjurations   | 2 3 4 5 6 7 8 9 10 | 10.0
Stealth        | 4 5 7 |  7.7
Spellcasting   | 4 5 6 7 |  7.1
Shields        | 1 2 |  2.6
Maces & Flails | 2 4 6 |  6.8
Fighting       | 2 4 |  4.0
Invocations    | 2 4 |  4.0
Dodging        | |  1.5
Summonings     | |  1.0
Translocations | |  1.0

Action                   |  1- 3 |  4- 6 |  7- 9 | 10-12 || total
-------------------------+-------+-------+-------+-------++-------
Melee: Unarmed           |     4 |     5 |       |       ||     9
       Dagger            |       |    15 |    31 |       ||    46
       Flail             |       |       |    49 |   235 ||   284
 Cast: Magic Dart        |    48 |   111 |   316 |    72 ||   547
       Conjure Flame     |       |     1 |     8 |     5 ||    14
       Mephitic Cloud    |       |       |     4 |    13 ||    17
       Blink             |       |       |     3 |       ||     3
Invok: Divine Energy     |       |       |     1 |       ||     1
 Abil: Spit Poison       |     7 |     8 |    31 |    23 ||    69
  Use: Scroll            |       |    11 |    11 |     2 ||    24
 Stab: Sleeping          |       |     1 |       |     2 ||     3
       Confused          |       |       |       |     3 ||     3
  Eat: Chunk             |       |     7 |    11 |     6 ||    24
       Ration            |       |       |     1 |     2 ||     3
Armor: Robe              |     2 |    12 |     5 |       ||    19
       Animal skin       |       |       |    23 |       ||    23
       Ring mail         |       |       |    10 |   117 ||   127
       Leather armour    |       |       |    29 |    24 ||    53
Dodge: Dodged            |    11 |    36 |    76 |   106 ||   229
Block: Buckler           |       |       |    25 |    55 ||    80

Vault maps used:
D:1:      roderic_crop_circles_arrival_small, minmay_shallow_snake_nest
D:2:      minmay_item_behind_shaft, minmay_misc_feat_encased, uniq_natasha,
          uniq_jessica
D:3:      first_ration, grunt_dithmenos_smoke_and_mirrors, uniq_robin
D:4:      nicolae_gozag_seed_capital, overflow_temple_1_default
D:5:      evilmike_ruin_ashenzari, gammafunk_temple_overflow_elements,
          uniq_edmund
D:6:      lemuel_ratsnest, serial_shops, shop
D:7:      minmay_temple_entry_butterflies, uniq_pikel, uniq_crazy_yiuf_cottage,
          uniq_joseph
D:8:      okawaru_humans
D:9:      david_orc_4, david_nohive_1
